 Dungeon Crawl Stone Soup version 0.31-a0-232-gb1c03b2570 (webtiles) character file.

Game seed: 10932656784256552636

136 qw the Shooter (level 4, 0/33 HPs)
             Began as a Minotaur Hexslinger on July 6, 2023.
             Slain by Grinder (2 damage)
             ... on level 3 of the Dungeon.
             The game lasted 00:00:56 (1440 turns).

qw the Shooter (Minotaur Hexslinger)                Turns: 1440, Time: 00:00:57

Health: 0/33       AC:  6    Str: 12    XL:     4   Next: 98%
Magic:  4/4        EV: 16    Int: 10    God:
Gold:   236        SH:  0    Dex: 15    Spells: 4/5 levels left

rFire   . . .        Y - +2 orcbow
rCold   + . .        (shield currently unavailable)
rNeg    . . .        i - +0 ring mail
rPois   .            (helmet restricted)
rElec   .            e - +0 cloak
rCorr   .            (no gloves)
SInv    .            (no boots)
Will    .....        (no amulet)
Stlth   +            g - ring "Duc Xufu" {+Blink EV+5}
HPRegen 0.25/turn    (no ring)
MPRegen 0.09/turn

%: no passive effects
@: about to teleport
A: horns 2, retaliatory headbutt, cold resistance 1, frail 1, noise suppression
a: Evoke Blink


You were on level 3 of the Dungeon.
You visited 1 branch of the dungeon, and saw 3 of its levels.

You collected 236 gold pieces.


Innate Abilities, Weirdness & Mutations

You have a pair of horns on your head.
You reflexively headbutt those who attack you in melee.
Your flesh is cold resistant. (rC+)
You are frail. (-10% HP)
You passively dampen the noise of your surroundings.


   Skills:
 + Level 2.5 Fighting
 - Level 5.0 Ranged Weapons
 - Level 1.5 Armour
 - Level 2.1 Dodging
 - Level 1.0 Spellcasting
 - Level 2.0 Hexes


You had 4 spell levels left.
You knew the following spells:

 Your Spells              Type           Power      Damage    Failure   Level
a - Slow                  Hex            16%        N/A       32%         1

Your spell library contained the following spells:

 Spells                   Type           Power      Damage    Failure   Level
 Inner Flame              Hex/Fire       2%         N/A       83%         3
 Portal Projectile        Hex/Tloc       4%         N/A       83%         3
 Cause Fear               Hex            2%         N/A       97%         4

Inventory:

Hand Weapons
 Y - a +2 orcbow (weapon)
Armour
 e - a +0 cloak (worn)
 i - a +0 ring mail (worn)
Jewellery
 g - the ring "Duc Xufu" (left hand) {+Blink EV+5}
   (You found it on level 2 of the Dungeon)

   [ring of evasion]

   EV:        It affects your evasion (+5).
   +Blink:    It lets you blink.
Scrolls
 f - a scroll of identify
Potions
 c - a potion of haste
 h - a potion of heal wounds

Dungeon Overview and Level Annotations

Branches:
Dungeon (3/15)

Altars:

Annotations:
D:3 Grinder


Message History

1429 ||| READING scroll of enchant weapon.
As you read the scroll of enchant weapon, it crumbles to dust.
Your +1 orcbow glows red for a moment.
1429 ||| ENCHANTING +1 orcbow.
Grinder comes into view.
Grinder shouts!
Enter note:
Enter note:
Enter note:
Enter note:
Enter note:
Enter note:
Enter note:
Enter note:
Enter note: You shoot an arrow.
The arrow closely misses Grinder.
Grinder drinks a potion.
Grinder seems to grow stronger.
Grinder blinks!
You shoot an arrow. The arrow closely misses Grinder.
Grinder says, "Wait up."
You shoot an arrow. The arrow hits Grinder.
Grinder is lightly wounded.
Grinder gestures at you.
You suddenly lose the ability to move!
You can move again.
You shoot an arrow.
The arrow hits Grinder but does no damage.
Grinder is lightly wounded.
Grinder hits you!
You writhe in agony.
You shoot an arrow. The arrow hits Grinder!
Grinder is moderately wounded.
Grinder closely misses you.
You shoot an arrow. The arrow hits Grinder.
Grinder is moderately wounded.
Grinder closely misses you. Grinder gestures at you.
Pain shoots through your body!
1440 ||| READING scroll of teleportation.
As you read the scroll of teleportation, it crumbles to dust.
You feel strangely unstable. Grinder hits you.
You writhe in agony.
You die...

)####..................
.# #...##.............
.# #...##.......%.##..
%# #...##.........# .
.####...##.........#
....#...##.........#
#...#.%............#####
#...#..........5........
#...#...........@?......
#...###.....#..##.......
#(..# #.....#..# .......
#...# #######...........
..... ##.######... ..
..) .# ... #.. # .... #.


You could see Grinder (strong).

Vanquished Creatures
  Robin (D:3)
  4 adders
  A worm (D:3)
  A dart slug (D:2)
  4 orcs (D:3)
  3 endoplasms
  3 giant cockroaches
  19 goblins
  9 hobgoblins
  3 jackals (D:2)
  4 ball pythons
  3 bats
  6 frilled lizards
  10 kobolds
  6 rats
77 creatures vanquished.

Notes
Turn   | Place    | Note
-------+----------+-------------------------------------------
     0 | D:1      | qw the Minotaur Hexslinger began the quest for the Orb.
     0 | D:1      | Reached XP level 1. HP: 16/16 MP: 1/1
     0 | D:1      | 0 ||| qw: Version: 0.3-a-46-gb1f654a
     0 | D:1      | 0 ||| qw: Game counter: 2119
     0 | D:1      | 0 ||| qw: Melee chars always use a shield: true
     0 | D:1      | 0 ||| qw: God list: Okawaru
     0 | D:1      | 0 ||| qw: Allow faded altars: false
     0 | D:1      | 0 ||| qw: Do Orc after clearing Dungeon:15 true
     0 | D:1      | 0 ||| qw: Do second Lair branch before Depths: true
     0 | D:1      | 0 ||| qw: Lair rune preference: random
     0 | D:1      | 0 ||| qw: Goals: Normal
     0 | D:1      | 0 ||| PLANNING D:1-11
    79 | D:1      | 79 ||| Stepping ~*~*~tactically~*~*~ (outnumbered).
    89 | D:1      | Reached skill level 3 in Ranged Weapons
    91 | D:1      | Reached XP level 2. HP: 15/23 MP: 2/2
   127 | D:1      | 127 ||| SWAPPING to +0 orcbow.
   128 | D:1      | 128 ||| DROPPING +1 sling.
   236 | D:1      | Found a faded altar of an unknown god.
   315 | D:1      | 315 ||| UPGRADING to +0 leather armour.
   324 | D:1      | 324 ||| UPGRADING to +0 leather armour.
   334 | D:1      | 334 ||| DROPPING +0 robe.
   335 | D:1      | 335 ||| UPGRADING to +0 cloak.
   340 | D:1      | 340 ||| UPGRADING to +0 ring mail.
   350 | D:1      | 350 ||| DROPPING +0 leather armour.
   503 | D:1      | 503 ||| READING 2 scrolls labelled HOLONU ANTIKALL.
   504 | D:1      | 504 ||| READING scroll labelled XEAHOTS GANISAUR.
   509 | D:1      | 509 ||| READING scroll labelled GOMIER HOAMETZ.
   510 | D:1      | 510 ||| READING scroll labelled AKHLOT PIFFERA.
   511 | D:1      | 511 ||| DRINKING 2 smoky ruby potions.
   511 | D:1      | Gained mutation: You are occasionally teleported next to
                  | monsters. [potion of mutation]
   512 | D:1      | 512 ||| DRINKING potion of mutation.
   512 | D:1      | Lost mutation: You are occasionally teleported next to
                  | monsters. [potion of mutation]
   512 | D:1      | Gained mutation: You passively dampen the noise of your
                  | surroundings. [potion of mutation]
   512 | D:1      | Gained mutation: You are frail. (-10% HP) [potion of
                  | mutation]
   512 | D:1      | Gained mutation: Your flesh is cold resistant. (rC+)
                  | [potion of mutation]
   513 | D:1      | 513 ||| DROPPING scroll of poison.
   595 | D:2      | Reached XP level 3. HP: 24/26 MP: 3/3
   635 | D:2      | Reached skill level 4 in Ranged Weapons
   844 | D:2      | Reached skill level 1 in Armour
   856 | D:2      | Reached XP level 4. HP: 23/32 MP: 4/4
   926 | D:2      | Identified the ring "Duc Xufu" {+Blink EV+5}
  1087 | D:2      | 1087 ||| UPGRADING to ring "Duc Xufu" {+Blink EV+5}.
  1088 | D:2      | 1088 ||| READING scroll labelled KILACHI DEYR.
  1089 | D:2      | 1089 ||| READING scroll labelled BOGODGHIUQA.
  1090 | D:2      | 1090 ||| DRINKING 2 green potions.
  1118 | D:3      | Noticed Robin
  1123 | D:3      | 1123 ||| STAIRDANCE
  1204 | D:3      | 1204 ||| STAIRDANCE
  1225 | D:3      | Killed Robin
  1239 | D:3      | Reached skill level 5 in Ranged Weapons
  1429 | D:3      | 1429 ||| READING scroll of enchant weapon.
  1429 | D:3      | 1429 ||| ENCHANTING +1 orcbow.
  1432 | D:3      | Noticed Grinder
  1435 | D:3      | Paralysed by Grinder for 2 turns
  1439 | D:3      | HP: 5/33 [Grinder/nerve-wracking pain (13)]
  1440 | D:3      | 1440 ||| READING scroll of teleportation.
  1440 | D:3      | HP: 2/33 [Grinder (4)]
  1440 | D:3      | Slain by Grinder

Levels and vault maps discovered:
D:1:      dpeg_arrival_shrine, layout_rooms,
          hellmonk_ecumenical_altar_crossroads, minmay_gold_behind_fungi
D:2:      layout_basic, minmay_vboxes
D:3:      layout_basic, mainiacjoe_overflow_24_doors,
          nicolae_nh_oracle_at_delphi, uniq_robin, uniq_jessica, uniq_terence,
          uniq_grinder

Skill      XL: |  1  2  3  4 |
---------------+-------------+-----
Ranged Weapons | 3 4 5 |  5.0
Fighting       | 2 |  2.5
Armour         | 1 |  1.5
Dodging        | |  2.1
Spellcasting   | |  1.0
Hexes          | |  2.0

Action                     |  1- 3 |  4- 6 || total
---------------------------+-------+-------++-------
   Fire: Sling             |    31 |       ||    31
         Orcbow            |    93 |    74 ||   167
    Use: Scroll            |     4 |     4 ||     8
         Potion            |     2 |     1 ||     3
 Armour: Robe              |     4 |       ||     4
         Ring mail         |    14 |    30 ||    44
  Dodge: Dodged            |    35 |    57 ||    92

Table legend:
 A = Non-vault XP
 B = Vault XP
 C = Vault XP percentage of total XP
 D = Non-vault monster count
 E = Vault monster count
 F = Vault count percentage of total count
                 A         B        C        D         E       F
            +---------+---------+-------+---------+---------+-------
      Total |     138 |      57 |  29.2 |      59 |      18 |  23.4
            +---------+---------+-------+---------+---------+-------
        D:1 |      33 |       0 |   0.0 |      22 |       0 |   0.0
        D:2 |      66 |      34 |  34.0 |      26 |      13 |  33.3
        D:3 |      39 |      23 |  37.1 |      11 |       5 |  31.2
            +---------+---------+-------+---------+---------+-------
